 Dungeon Crawl Stone Soup version 0.27-a0-1006-g1fd4cec11e (webtiles) character file.

Game seed: 18083685683045556482

43024 siradein the Grim Reaper (level 13, -7/86 HPs)
             Began as a Demonspawn Fighter on Apr 18, 2021.
             Was the Champion of Yredelemnul.
             Mangled by a red devil
             ... wielding a +1 trident of flaming
              (20 damage)
             ... in a volcano.
             The game lasted 00:51:22 (15379 turns).

siradein the Grim Reaper (Demonspawn Fighter)      Turns: 15379, Time: 00:51:25

Health: -7/86      AC: 18    Str: 17    XL:     13   Next: 88%
Magic:  21/26      EV: 16    Int: 14    God:    Yredelemnul [******]
Gold:   735        SH:  9    Dex: 22    Spells: 12/12 levels left

rFire    . . .     SeeInvis +   s - +4 scimitar (flame)
rCold    . . .     Faith    +   c - +0 kite shield
rNeg     + . .     Spirit   .   w - +1 ring mail of Sunlight {Regen+ Int+4}
rPois    +         Reflect  .   V - +0 helmet {SInv}
rElec    .         Harm     .   X - +1 cloak of Starlight {*Dazzle EV+4 Stlth--}
rCorr    +         Rampage  +   Z - +2 pair of gloves of Yrchoan {Drain rPois rCorr Dex+5}
Will     +....                  Q - +0 pair of boots {rampage}
Stlth    ..........             t - amulet of faith
HPRegen  1.24/turn              p - ring of willpower
MPRegen  0.20/turn              S - +4 ring of slaying

@: agile
A: talons 2, slimy green scales 3, foul stench 2, negative energy resistance 1,
powered by pain 2
a: Renounce Religion, Recall Undead Slaves, Injury Mirror, Animate Dead, Drain
Life, Enslave Soul


You were in a volcano.
You worshipped Yredelemnul.
Yredelemnul was exalted by your worship.
You visited 3 branches of the dungeon, and saw 18 of its levels.
You also visited: Ossuary and Volcano.

You collected 1387 gold pieces.
You spent 652 gold pieces at shops.

Inventory:

Hand Weapons
 s - a +4 scimitar of flaming (weapon)
 D - the +6 flail of Deflation {flame, rPois Will+ rCorr Dex-3}
   (You found it on level 5 of the Dungeon)

   It has been specially enchanted to burn those struck by it, causing extra
   injury to most foes and up to half again as much damage against particularly
   susceptible opponents.
   It affects your dexterity (-3).
   It protects you from poison.
   It protects you from acid and corrosion.
   It increases your willpower.
Missiles
 e - 6 curare-tipped darts
Armour
 c - a +0 kite shield (worn)
 w - the +1 ring mail of Sunlight (worn) {Regen+ Int+4}
   (You found it on level 4 of the Dungeon)

   It affects your intelligence (+4).
   It increases your rate of health regeneration.
 Q - a +0 pair of boots of rampaging (worn)
 V - a +0 helmet of see invisible (worn)
 X - the +1 cloak of Starlight (worn) {*Dazzle EV+4 Stlth--}
   (You bought it in a shop on level 6 of the Dungeon)

   It affects your evasion (+4).
   It makes you much less stealthy.
 Z - the +2 pair of gloves of Yrchoan (worn) {Drain rPois rCorr Dex+5}
   (You found it on level 11 of the Dungeon)

   It affects your dexterity (+5).
   It protects you from poison.
   It protects you from acid and corrosion.
   It drains your maximum health when unequipped.
Jewellery
 p - a ring of willpower (left hand)
 t - an amulet of faith (around neck)
 S - a +4 ring of slaying (right hand)
 Y - a ring of fire
Wands
 b - a wand of digging (17)
 o - a wand of acid (9)
 r - a wand of polymorph (9)
 v - a wand of paralysis (9)
 A - a wand of iceblast (19)
 I - a wand of flame (70)
Scrolls
 a - a scroll of summoning {unknown}
 f - 4 scrolls of immolation
 k - a scroll of enchant weapon
 l - 2 scrolls of fear {unknown}
 n - 4 scrolls of fog
 u - 10 scrolls of teleportation
 y - 4 scrolls of silence
 B - 5 scrolls of blinking
 C - 3 scrolls of enchant armour {unknown}
 F - 3 scrolls of acquirement {unknown}
 G - 3 scrolls of holy word {unknown}
 J - 4 scrolls of vulnerability {unknown}
 L - 2 scrolls of amnesia {unknown}
 T - 3 scrolls of magic mapping
Potions
 d - 4 potions of might
 g - 2 potions of cancellation
 i - 9 potions of curing
 m - 4 potions of invisibility
 x - 4 potions of heal wounds
 z - a potion of flight
 E - 3 potions of brilliance
 H - 4 potions of attraction
 K - a potion of resistance
 M - a potion of mutation
 O - 3 potions of lignification
 P - 6 potions of ambrosia
 R - 8 potions of haste
 W - a potion of magic
Miscellaneous
 U - a phial of floods


   Skills:
 - Level 3.0 Fighting
 + Level 16.1 Long Blades
 - Level 2.6 Armour
 - Level 2.6 Shields
 + Level 19.1 Invocations


You had 12 spell levels left.
You didn't know any spells.
Your spell library contained the following spells:

 Spells                   Type           Power      Damage    Failure   Level
 Corona                   Hex            0%         N/A       95%         1
 Summon Small Mammal      Summ           0%         N/A       95%         1
 Call Imp                 Summ           0%         N/A       98%         2
 Slow                     Hex            0%         N/A       98%         2
 Call Canine Familiar     Summ           0%         N/A       100%        3
 Confusing Touch          Hex            0%         N/A       100%        3
 Gell's Gravitas          Tloc           0%         N/A       100%        3
 Inner Flame              Hex/Fire       0%         N/A       100%        3
 Portal Projectile        Hex/Tloc       0%         N/A       100%        3
 Summon Guardian Golem    Hex/Summ       0%         N/A       100%        3
 Cause Fear               Hex            0%         N/A       100%        4
 Leda's Liquefaction      Hex/Erth       0%         N/A       100%        4
 Petrify                  Tmut/Erth      0%         N/A       100%        4
 Summon Ice Beast         Ice/Summ       0%         N/A       100%        4
 Summon Lightning Spire   Summ/Air       0%         N/A       100%        4
 Bolt of Magma            Conj/Fire/Erth 0%         4d4       100%        5
 Iskenderun's Battlesphe  Conj           0%         2d6       100%        5
 Metabolic Englaciation   Hex/Ice        0%         N/A       100%        5
 Yara's Violent Unravell  Hex/Tmut       0%         3d3       100%        5
 Iron Shot                Conj/Erth      0%         9d1       100%        6
 Orb of Destruction       Conj           0%         N/A       100%        7
 Spellforged Servitor     Conj/Summ      0%         N/A       100%        7


Dungeon Overview and Level Annotations

Branches:
Dungeon (11/15)            Temple (1/1) D:5            Lair (6/6) D:10
 Shoals (0/4) Lair:2        Snake (0/4) Lair:2        Slime (0/5) Lair:5
    Orc (0/2) D:9         Ossuary (visited)         Volcano (1/1)

Altars:
Ashenzari
Cheibriados
Dithmenos
Elyvilon
Fedhas
Gozag
Hepliaklqana
Kikubaaqudgha
Makhleb
Nemelex Xobeh
Okawaru
Qazlal
Ru
Sif Muna
Trog
Uskayaw
Vehumet
Wu Jian
Xom
Yredelemnul
Zin
The Shining One

Shops:
D:6 [   D:9 ([


Innate Abilities, Weirdness & Mutations

You have razor-sharp toenails.
You are completely covered in slimy green scales. (AC +4, rPois)
You sometimes emit foul miasma when damaged in melee.
You resist negative energy. (rN+)
You sometimes gain power by taking damage.


Message History

The hell hound breathes flames at you.
The blast of flame hits the red devil.
The red devil completely resists.
The blast of flame hits the sun demon.
The sun demon completely resists.
The blast of flame hits you! The red devil barely misses you.
The sun demon closely misses you.
You draw life from your surroundings.
The hell hound breathes flames at you.
The blast of flame hits the sun demon.
The sun demon completely resists.
The blast of flame hits the red devil.
The red devil completely resists.
The blast of flame hits you!
* * * LOW HITPOINT WARNING * * *
Unknown command.
You slice the red devil!!
You kill the red devil!
Yredelemnul accepts your kill.
Unknown command.
You rampage towards the sun demon!
You miss the sun demon.
The sun demon is severely wounded.
The sun demon closely misses you. The red devil closely misses you.
You catch the helpless sun demon completely off-guard!
You slice the sun demon!!
You kill the sun demon!
Yredelemnul accepts your kill. You block the hell hound's attack.
The red devil hits you but does no damage.
You completely miss the hell hound. You block the hell hound's attack.
You block the red devil's attack.
Your shield prevents you from hitting the hell hound.
The hell hound breathes flames at you. The blast of flame hits you!
* * * LOW HITPOINT WARNING * * *
The red devil hits you but does no damage.
The hell hound closely misses you.
You slash the hell hound!
The hell hound is heavily wounded.
The hell hound misses you.
You riposte.
You slash the hell hound!
The hell hound is almost dead.
The red devil hits you from afar with a +1 trident of flaming!!
You die...
Your body rises from the dead as a mindless zombie.

≈≈≈≈§§§≈≈≈≈≈≈§≈≈§≈≈≈≈≈≈≈≈≈≈§≈§≈§≈
≈≈≈§≈≈§§§....§...........≈.§≈≈≈≈≈
≈≈≈≈§≈§§########'########.§≈≈≈≈≈≈
≈§≈§≈≈≈.# #.# #.≈≈≈≈§≈≈ ≈≈≈≈≈≈≈.#
#.# #.§≈≈≈§§§ ≈≈§§§≈≈.# #.#
#.≈≈≈≈≈§§ ≈≈§§§≈§.# #.# #.≈≈≈≈≈≈§
≈≈≈≈§≈≈.# #.#.######.≈≈≈≈≈≈≈
≈§≈≈≈≈≈.# #@#......#.≈≈≈≈≈≈§
§≈§≈≈≈≈.# #h###++###.≈≈≈≈§≈§
≈≈≈≈≈§≈.# .4. #.≈≈≈§§≈≈ ≈§≈≈≈≈≈.#
.8_8. #.≈≈§§§§≈ ≈≈≈≈≈§≈.# +.....+
#.§≈≈≈≈≈≈
§§≈≈≈☼○°#################§≈§≈§§§§
≈§≈≈≈○°○.......§.........§§≈≈§§§§
≈§≈≈§°○§≈≈§≈≈§§§≈≈≈≈.≈.≈≈≈§§§§§§≈
§§..§°○§≈≈§≈≈≈§§§≈≈≈§§≈≈≈≈§≈≈≈≈≈≈


You could see a red devil and a hell hound (catching breath).

Vanquished Creatures
  4 hydras
  Erica (D:11)
  A death yak (Lair:5)
  A sun demon (Volcano)
  Pikel (D:6)
  A cyclops (D:11)
  13 elephants
  3 black mambas
  9 cane toads
  A gargoyle (D:11)
  Maggie (D:6)
  3 komodo dragons
  A rime drake (Lair:2)
  4 polar bears
  A red devil (Volcano)
  5 blink frogs
  A snapping turtle (Lair:2)
  Sigmund (D:2)
  A wraith (D:10)
  9 yaks
  2 wyverns
  2 fire bats (Volcano)
  2 vampire mosquitoes (Lair:6)
  A steam dragon (D:7)
  Menkaure (D:6)
  4 water moccasins
  An orc warrior (D:4)
  A floating eye (Lair:5)
  An ice beast (D:7)
  A black bear (D:4)
  A necrophage (D:6)
  An ogre (D:6)
  4 wolves (Lair:4)
  6 centaurs
  Blork the orc (D:5)
  3 gnoll sergeants
  10 bullfrogs
  3 scorpions
  23 killer bees
  4 wights (D:9)
  2 howler monkeys
  7 lava snakes (Volcano)
  A bullfrog zombie (D:7)
  6 centaur zombies
  Crazy Yiuf (D:6)
  5 hounds
  4 orc priests
  A centaur skeleton (D:6)
  2 jellies
  4 bullfrog skeletons
  3 human zombies (Ossuary)
  Jessica (D:2)
  Terence (D:3)
  5 orc wizards
  6 iguanas
  A hound zombie (D:4)
  2 mummies (Ossuary)
  2 howler monkey zombies (D:7)
  18 gnolls
  A howler monkey skeleton (D:6)
  7 adders
  3 white imps (D:6)
  2 ufetubi
  3 adder zombies (Ossuary)
  2 worms
  3 dart slugs
  22 orcs
  4 bats
  8 endoplasms
  3 giant cockroaches
  8 goblins
  9 hobgoblins
  9 jackals
  8 kobolds
  4 quokkas
  6 ball pythons
  3 frilled lizards
  A goblin zombie (Ossuary)
  6 hobgoblin zombies (Ossuary)
  8 kobold zombies (Ossuary)
  12 orc zombies (Ossuary)
  5 rats
343 creatures vanquished.

Vanquished Creatures (collateral kills)
  A boulder beetle (Lair:5)
  Erolcha (D:11)
  2 hydras
  A two-headed ogre (D:10)
  4 death yaks (Lair:5)
  Nergalle (D:11)
  2 oklob plants (Lair:2)
  A centaur zombie (D:11)
  3 black mambas
  An eye of devastation (Lair:5)
  18 elephants
  A rime drake (Lair:4)
  10 cane toads
  3 komodo dragons
  A kobold demonologist (D:10)
  3 tyrant leeches (Lair:6)
  A troll (D:11)
  A polar bear (Lair:1)
  A queen bee (Lair:2)
  4 dream sheep (Lair:6)
  12 blink frogs
  4 wyverns
  40 yaks
  A basilisk (Lair:2)
  6 vampire mosquitoes
  A steam dragon (D:7)
  2 nagas (Lair:2)
  5 water moccasins
  2 orc warriors
  5 bullfrogs
  A wyvern zombie (D:7)
  A wyvern skeleton (D:7)
  10 killer bees (Lair:2)
  A wight (D:9)
  2 howler monkeys (D:10)
  A hound (D:7)
  An orc priest (D:8)
  A human zombie (Ossuary)
  An orc wizard (D:10)
  A killer bee zombie (D:8)
  A howler monkey zombie (D:10)
  A gnoll (D:9)
  2 white imps
  6 orcs
  A bush (Lair:2)
169 creatures vanquished.

Vanquished Creatures (others)
  A skeletal warrior (Lair:6)
  A phantasmal warrior (Lair:2)
  11 flying skulls
  2 wraiths
  2 vampires
  A spectral troll (Lair:6)
  2 wights
  A hydra zombie (Lair:6)
  A mummy (Lair:6)
  3 cane toad zombies (Lair:6)
  3 vampire mosquito zombies
  3 bullfrog zombies (Lair:6)
  2 wyvern zombies
  2 blink frog zombies (Lair:6)
  A polar bear zombie (Lair:6)
  2 water moccasin zombies
  5 yak zombies
  6 killer bee zombies
  A steam dragon zombie (D:7)
  79 fungi
  204 plants
333 creatures vanquished.

Grand Total: 845 creatures vanquished

Notes
Turn   | Place    | Note
-------+----------+-------------------------------------------
     0 | D:1      | siradein the Demonspawn Fighter began the quest for the
                  | Orb.
     0 | D:1      | Reached XP level 1. HP: 18/18 MP: 1/1
   303 | D:1      | Gained mutation: You sometimes gain a little power by
                  | taking damage. [demonic ancestry]
   303 | D:1      | Reached XP level 2. HP: 24/24 MP: 2/2
   487 | D:1      | Gained mutation: You have sharp toenails. [demonic
                  | ancestry]
   487 | D:1      | Reached XP level 3. HP: 15/29 MP: 3/3
   853 | D:2      | Noticed Jessica
  1100 | D:2      | Killed Jessica
  1360 | D:2      | Reached XP level 4. HP: 35/35 MP: 4/4
  1418 | D:2      | Noticed Sigmund
  1829 | D:3      | Noticed Terence
  1838 | D:3      | Killed Terence
  1839 | D:3      | Gained mutation: You may rarely emit foul miasma when
                  | damaged in melee. [demonic ancestry]
  1839 | D:3      | Reached XP level 5. HP: 34/41 MP: 5/5
  2191 | D:3      | Reached skill level 5 in Long Blades
  2486 | D:2      | Found a faded altar of an unknown god.
  2736 | D:4      | Noticed a black bear
  2747 | D:4      | Killed a black bear
  2890 | D:4      | Gained mutation: You are partially covered in slimy green
                  | scales. (AC +2) [demonic ancestry]
  2890 | D:4      | Reached XP level 6. HP: 41/47 MP: 6/6
  2941 | D:4      | Found a large runed translucent door.
  2941 | D:4      | Found a large runed translucent door.
  3297 | D:4      | Found a large runed translucent door.
  3297 | D:4      | Found a large runed translucent door.
  3853 | D:4      | Gained mutation: You are mostly covered in slimy green
                  | scales. (AC +3) [demonic ancestry]
  3853 | D:4      | Reached XP level 7. HP: 52/52 MP: 7/7
  4294 | D:4      | Identified the +1 ring mail of Sunlight {Regen+ Int+4}
  4405 | D:2      | Killed Sigmund
  4598 | D:5      | Entered Level 5 of the Dungeon
  4666 | D:5      | Found a staircase to the Ecumenical Temple.
  4679 | Temple   | Entered the Ecumenical Temple
  4770 | Temple   | Became a worshipper of Yredelemnul the Dark
  4819 | D:5      | Reached skill level 1 in Invocations
  4819 | D:5      | Reached XP level 8. HP: 55/58 MP: 7/9
  4869 | D:5      | Reached skill level 2 in Invocations
  4933 | D:5      | Noticed Blork the orc
  4948 | D:5      | Killed Blork the orc
  5078 | D:4      | Reached skill level 3 in Invocations
  5258 | D:5      | Reached skill level 4 in Invocations
  5286 | D:5      | Identified the +6 flail of Deflation {flame, rPois Will+
                  | rCorr Dex-3}
  5331 | D:5      | Reached * piety under Yredelemnul
  5458 | D:6      | Noticed Menkaure
  5471 | D:6      | Killed Menkaure
  5472 | D:6      | Reached skill level 5 in Invocations
  5583 | D:6      | Noticed Maggie
  5601 | D:6      | Killed Maggie
  5602 | D:6      | Reached skill level 6 in Invocations
  5602 | D:6      | Gained mutation: You sometimes emit foul miasma when
                  | damaged in melee. [demonic ancestry]
  5602 | D:6      | Reached XP level 9. HP: 42/63 MP: 12/14
  5738 | D:6      | Noticed Pikel
  5776 | D:6      | Killed Pikel
  5777 | D:6      | Reached skill level 10 in Long Blades
  5777 | D:6      | Reached skill level 7 in Invocations
  5875 | D:6      | Reached skill level 8 in Invocations
  6205 | D:6      | Found Ihieg's Armour Shoppe.
  6271 | D:6      | Reached ** piety under Yredelemnul
  6490 | D:6      | Found an opulent altar of Gozag.
  6580 | D:6      | Found a runed translucent door.
  6581 | D:6      | Noticed Crazy Yiuf
  6586 | D:6      | Killed Crazy Yiuf
  6616 | D:7      | Found a stormy altar of Qazlal.
  6616 | D:7      | Found a blossoming altar of Fedhas.
  6706 | D:7      | Reached skill level 9 in Invocations
  6860 | D:7      | Found a sand-covered staircase.
  6882 | D:7      | Identified the +2 cloak "Pemoari" {Str+4 Stlth+}
  6919 | Ossuary  | Entered an ossuary
  7056 | Ossuary  | Reached *** piety under Yredelemnul
  7124 | Ossuary  | Reached skill level 10 in Invocations
  7183 | Ossuary  | Received a gift from Yredelemnul (a wight)
  7499 | D:7      | Gained mutation: You are completely covered in slimy green
                  | scales. (AC +4, rPois) [demonic ancestry]
  7499 | D:7      | Reached XP level 10. HP: 49/70 MP: 17/17
  7901 | D:8      | Reached **** piety under Yredelemnul
  8060 | D:9      | Received a gift from Yredelemnul (4 flying skulls)
  8085 | D:9      | Found Ruomib's Armour Shoppe.
  8090 | D:9      | Found a staircase to the Orcish Mines.
  8092 | D:9      | Found Gaecwex's Weapon Shoppe.
  8129 | D:9      | Bought a +0 helmet of see invisible for 195 gold pieces
  8259 | D:9      | Received a gift from Yredelemnul (a flying skull)
  8280 | D:9      | Reached skill level 11 in Invocations
  8757 | D:10     | Entered Level 10 of the Dungeon
  8784 | D:10     | Noticed an orange demon
  8785 | D:10     | Noticed a sixfirhy
  8839 | D:10     | Found a staircase to the Lair.
  8862 | D:10     | Noticed a two-headed ogre
  8867 | D:10     | Killed a two-headed ogre
  8905 | D:10     | Received a gift from Yredelemnul (a mummy)
  9141 | D:6      | Bought the +1 cloak of Starlight {*Dazzle EV+4 Stlth--} for
                  | 457 gold pieces
  9141 | D:6      | Found the +1 cloak of Starlight {*Dazzle EV+4 Stlth--}
  9298 | D:10     | Received a gift from Yredelemnul (a wraith)
  9490 | D:10     | Reached skill level 12 in Invocations
  9883 | D:11     | Reached ***** piety under Yredelemnul
  9902 | D:11     | Noticed a cyclops
  9902 | D:11     | Noticed a gargoyle
  9908 | D:11     | Killed a cyclops
  9910 | D:11     | Killed a gargoyle
  9985 | D:11     | Gained mutation: You resist negative energy. (rN+) [demonic
                  | ancestry]
  9985 | D:11     | Reached XP level 11. HP: 75/75 MP: 20/20
 10002 | D:11     | Identified the +2 pair of gloves of Yrchoan {Drain rPois
                  | rCorr Dex+5}
 10032 | D:11     | Noticed Erolcha
 10044 | D:11     | Killed Erolcha
 10045 | D:11     | Reached skill level 13 in Invocations
 10126 | D:11     | Noticed Erica
 10134 | D:11     | Killed Erica
 10147 | D:11     | Noticed Nergalle
 10157 | D:11     | Killed Nergalle
 10344 | Lair:1   | Entered Level 1 of the Lair of Beasts
 10635 | Lair:1   | Reached skill level 14 in Invocations
 11181 | Lair:2   | Received a gift from Yredelemnul (3 flying skulls)
 11320 | Lair:2   | Found a staircase to the Snake Pit.
 11340 | Lair:2   | Noticed an eight-headed hydra
 11345 | Lair:2   | Killed a six-headed hydra
 11346 | Lair:2   | Received a gift from Yredelemnul (a phantasmal warrior)
 11419 | Lair:2   | Reached skill level 15 in Invocations
 11453 | Lair:2   | Gained mutation: You have razor-sharp toenails. [demonic
                  | ancestry]
 11453 | Lair:2   | Reached XP level 12. HP: 81/81 MP: 23/23
 11696 | Lair:2   | Found a sparkling altar of Nemelex Xobeh.
 11727 | Lair:2   | Received a gift from Yredelemnul (a wight)
 12189 | Lair:2   | Found a staircase to the Shoals.
 12399 | Lair:3   | Received a gift from Yredelemnul (a vampire)
 12527 | Lair:3   | Reached skill level 16 in Invocations
 12647 | Lair:3   | Noticed a four-headed hydra
 12648 | Lair:3   | Noticed an eight-headed hydra
 12654 | Lair:3   | Killed a one-headed hydra
 12655 | Lair:3   | Noticed an eight-headed hydra
 12658 | Lair:3   | Killed a three-headed hydra
 12665 | Lair:3   | Received a gift from Yredelemnul (a skeletal warrior)
 12668 | Lair:3   | Killed a seven-headed hydra
 13346 | Lair:4   | Reached skill level 17 in Invocations
 13347 | Lair:4   | Received a gift from Yredelemnul (a flayed ghost)
 13446 | Lair:4   | Reached ****** piety under Yredelemnul
 13779 | Lair:5   | Noticed a boulder beetle
 13789 | Lair:5   | Killed a boulder beetle
 13790 | Lair:5   | Gained mutation: You sometimes gain power by taking damage.
                  | [demonic ancestry]
 13790 | Lair:5   | Reached XP level 13. HP: 25/86 MP: 25/25
 13792 | Lair:5   | Reached skill level 15 in Long Blades
 13968 | Lair:5   | Received a gift from Yredelemnul (3 flying skulls)
 14006 | Lair:5   | Received a gift from Yredelemnul (a flayed ghost)
 14121 | Lair:5   | Found a staircase to the Slime Pits.
 14560 | Lair:6   | Entered Level 6 of the Lair of Beasts
 14560 | Lair:6   | Noticed Snorg
 14569 | Lair:6   | Killed Snorg
 14569 | Lair:6   | Enslaved Snorg
 14608 | Lair:6   | Reached skill level 18 in Invocations
 14610 | Lair:6   | Received a gift from Yredelemnul (a vampire)
 14691 | Lair:6   | Your ally Snorg died
 14696 | Lair:6   | Received a gift from Yredelemnul (a ghoul)
 14740 | Lair:6   | Received a gift from Yredelemnul (a wraith)
 14830 | Lair:6   | Received a gift from Yredelemnul (a bone dragon)
 14889 | Lair:6   | Reached skill level 19 in Invocations
 14933 | Lair:6   | Found a dark tunnel.
 14938 | Volcano  | Entered a volcano
 15001 | Volcano  | HP: 1/86 [lava snake/glob of lava (19)]
 15363 | Volcano  | Found a burning altar of Makhleb.
 15379 | Volcano  | Mangled by a red devil

Illustrated notes

Levels and vault maps discovered:
D:1:      nzn_arrival_settlement, layout_basic
D:2:      layout_rooms, hellmonk_ecumenical_altar_zigzags, uniq_jessica,
          uniq_sigmund
D:3:      layout_loops_ring, tso_metal_star, uniq_terence
D:4:      layout_basic, minmay_hollow_rounded_squares
D:5:      layout_cave_pools, minmay_temple_entry_slanted,
          minmay_fractal_squares_gapless_5, uniq_blork_the_orc
D:6:      layout_loops_corners, kennysheep_little_box, serial_shops, shop,
          st_stairs_12, chequers_serial_rivers_small_3,
          kennysheep_generic_room_7, uniq_menkaure, uniq_pikel,
          uniq_crazy_yiuf_cottage, uniq_maggie
D:7:      layout_loops_ring, grunt_temple_overflow_forces_of_nature,
          nicolae_ossuary_entry_ruins, eino_small_chamber_without_monster
D:8:      layout_gridville, kennysheep_generic_room_14
D:9:      layout_loops_ring, orc_david_3
D:10:     layout_cave_pods, lair_entry_dummy
D:11:     layout_big_octagon, uniq_nergalle, uniq_erica, uniq_erolcha
Temple:   compressed_dpeg_circular_temple
Lair:1:   layout_gridlike
Lair:2:   layout_hall_layers, minmay_shoals_entry_hut,
          guppyfry_snake_entry_garden, special_room [special_room_bee],
          basic_altar, minivault_25, minmay_lair_oklob_chamber
Lair:3:   layout_layer_cave, serial_bayou_shore_b
Lair:4:   beast_lair_carwin_large_3, layout_long_grid
Lair:5:   layout_concentric_octagons, minmay_slime_entry_eyes
Lair:6:   minmay_lair_end_frog_pond, layout_gridlike,
          nicolae_volcano_entry_s_turn, serial_bayou, serial_bayou_lagoon_a,
          serial_bayou_pond_a, serial_bayou_pond_a, serial_bayou_ford_a,
          uniq_snorg
Volcano:  volcano_lake [vl_original]

Skill      XL: |  1  2  3  4  5  6  7  8  9 10 11 12 13 |
---------------+----------------------------------------+-----
Long Blades    | 2 3 4 5 7 8 9 11 12 13 14 16 | 16.1
Invocations    | 1 6 10 12 15 17 19 | 19.1
Fighting       | |  3.0
Armour         | |  2.6
Shields        | |  2.6

Action                   |  1- 3 |  4- 6 |  7- 9 | 10-12 | 13-15 || total
-------------------------+-------+-------+-------+-------+-------++-------
Melee: Long sword        |    95 |    71 |       |       |       ||   166
       Kick              |     7 |    44 |   111 |     7 |       ||   169
       Dagger            |       |    67 |   129 |       |       ||   196
       Flail             |       |       |   224 |    12 |       ||   236
       Falchion          |       |       |       |   146 |       ||   146
       Scimitar          |       |       |       |   301 |   197 ||   498
Invok: Animate Remains   |       |       |     8 |       |       ||     8
       Animate Dead      |       |       |       |    64 |    30 ||    94
       Recall Undead Sla |       |       |       |    10 |     2 ||    12
       Drain Life        |       |       |       |       |     2 ||     2
       Enslave Soul      |       |       |       |       |     1 ||     1
  Use: Scroll            |       |       |    10 |     6 |     6 ||    22
       Potion            |       |       |       |       |     1 ||     1
 Stab: Distracted        |       |       |       |    11 |     5 ||    16
       Sleeping          |       |       |       |     1 |       ||     1
       Invisible         |       |       |       |     5 |     6 ||    11
Armor: Scale mail        |    54 |    46 |     9 |       |       ||   109
       Ring mail         |       |       |   167 |   210 |    83 ||   460
Dodge: Dodged            |    21 |    34 |   120 |   199 |    92 ||   466
Block: Kite shield       |    59 |    69 |   155 |   229 |    88 ||   600
       Rpst.: Long sword |    10 |     9 |       |       |       ||    19
       Falchion          |       |       |       |    18 |       ||    18
       Scimitar          |       |       |       |    27 |    20 ||    47

Table legend: (Time is in decaauts)
 A = Elapsed time spent in this place.
 B = Non-inter-level travel time spent in this place.
 C = Inter-level travel time spent in this place.
 D = Time resting spent in this place.
 E = Time spent auto-exploring this place.
 F = Levels seen in this place.
 G = Mean time per level.
                   A        B        C        D        E       F      G
               +--------+--------+--------+--------+--------+-----+--------+
         Total |  18386 |  17605 |    781 |    588 |  13332 |  20 |  919.3 |
       Dungeon |  10592 |   9996 |    596 |    516 |   7181 |  11 |  962.9 |
        Temple |    111 |     91 |     20 |      0 |     74 |   1 |  111.0 |
          Lair |   6911 |   6746 |    165 |     26 |   5704 |   6 | 1151.8 |
       Ossuary |    332 |    332 |      0 |      0 |    125 |   1 |  332.0 |
       Volcano |    438 |    438 |      0 |     46 |    247 |   1 |  438.0 |
               +--------+--------+--------+--------+--------+-----+--------+

Top non-repeatable levels by time:
     D:4: 1847 daAuts
  Lair:2: 1763 daAuts
  Lair:1: 1275 daAuts
    D:10: 1253 daAuts
  Lair:4: 1250 daAuts
     D:6: 1245 daAuts
  Lair:5: 1181 daAuts
     D:1: 1115 daAuts
     D:3: 1099 daAuts
  Lair:3: 1058 daAuts
     D:7: 863 daAuts
     D:9: 755 daAuts
     D:5: 719 daAuts
     D:2: 691 daAuts
    D:11: 660 daAuts
